 Dungeon Crawl Stone Soup version 0.18-a0-1639-g7533f42 (webtiles) character file.

98 namelastname112 the Insei (level 4, -2/35 HPs)
             Began as a Draconian Transmuter on Mar 27, 2016.
             Slain by Terence
             ... wielding a cursed -1 flail
              (5 damage)
             ... on level 3 of the Dungeon.
             The game lasted 00:02:31 (2429 turns).

namelastname112 the Insei (Draconian Transmuter)    Turns: 2429, Time: 00:02:32

Health: -2/35      AC:  5    Str: 12    XL:     4   Next: 43%
Magic:  7/7        EV: 12    Int: 13    God:
Gold:   124        SH:  0    Dex: 13    Spells: 1 memorised, 6 levels left

rFire  . . .     SeeInvis .       - Unarmed
rCold  . . .     Gourm    .     (armour unavailable)
rNeg   . . .     Faith    .     (no shield)
rPois  .         Spirit   .     (helmet restricted)
rElec  .         Dismiss  .     (no cloak)
rCorr  .         Reflect  .     (no gloves)
SustAt .         Harm     .     (no boots)
MR     .....                    (no amulet)
Stlth  +.........               (no ring)
                                (no ring)

@: not resistant to hostile enchantments, very unstealthy
A: unfitting armour, cold-blooded, AC +5
a: no special abilities


You were on level 3 of the Dungeon.
You were not hungry.

You visited 1 branch of the dungeon, and saw 3 of its levels.

You collected 124 gold pieces.

Inventory:

Missiles
 a - 35 arrows
Wands
 p - a wand of lightning (0/15)
Scrolls
 f - a scroll of teleportation {unknown}
 h - a scroll of magic mapping {unknown}
 j - 3 scrolls of identify {unknown}
 l - a scroll of remove curse {unknown}
Potions
 e - a potion of brilliance {unknown}
 g - a potion of flight {unknown}
 i - 2 potions of mutation {unknown}
 k - a potion of haste
 n - a potion of curing {unknown}
 o - 2 potions of berserk rage {unknown}
Books
 b - a book of Changes

   Spells                             Type                      Level
   a - Beastly Appendage              Transmutation                1
   b - Sticks to Snakes               Transmutation                2
   c - Spider Form                    Transmutation/Poison         3
   d - Ice Form                       Ice/Transmutation            4
   e - Blade Hands                    Transmutation                5
Comestibles
 c - 2 bread rations
 d - 2 meat rations
 m - a chunk of flesh


   Skills:
 - Level 1.1 Fighting
 - Level 1.7 Dodging
 + Level 5.3 Unarmed Combat
 - Level 2.0 Spellcasting
 - Level 2.0 Transmutations


You had 6 spell levels left.
You knew the following spells:

 Your Spells              Type           Power        Failure   Level  Hunger
a - Beastly Appendage     Trmt           #.....       12%         1    ##.....


Dungeon Overview and Level Annotations

Branches:
Dungeon (3/15)

Altars:
Qazlal

Annotations:
D:3 Terence


Innate Abilities, Weirdness & Mutations

Your plain brown scales are hard (AC +5).
Your body does not fit into most forms of armour.
You are cold-blooded and may be slowed by cold attacks.


Message History

Okay, then.
Terence misses you. Terence closely misses you.
Evoke which item? (* to show all) (? for menu, Esc to quit)
Zapping:
p - a wand of lightning (will waste charges)
Press: ? - help, Shift-Dir - straight line You hear a mighty clap of thunder!
The bolt of lightning hits Terence.
Terence is moderately wounded.
The bolt of lightning hits the orc.
The orc is severely wounded.
Evoking this partially-identified wand wasted a few charges.
You hear a shout!
Terence barely misses you. Terence hits you with a flail!
* * * LOW HITPOINT WARNING * * *
Evoke which item? (* to show all) (? for menu, Esc to quit)
Zapping:
p - a wand of lightning {zapped: 2} (will waste charges)
Press: ? - help, Shift-Dir - straight line Nothing appears to happen.
Terence hits you with a flail.
You die...

#...#####.........
#...#.#...#.###..###
###.##.....## #..#
##.###...#####..#
.................#
.##.#####.#####.##
#.# #o# #.# #@# #.#
#@# #.##....#
#.##.#### #.##


You could see Terence and an orc.

Vanquished Creatures
  4 adders
  2 worms (D:2)
  3 dart slugs
  A giant gecko (D:1)
  4 giant cockroaches
  5 goblins
  6 hobgoblins
  8 kobolds
  7 bats
  4 giant newts
  4 rats
48 creatures vanquished.

Notes
Turn   | Place    | Note
--------------------------------------------------------------
     0 | D:1      | namelastname112 the Draconian Transmuter began the quest for the Orb.
     0 | D:1      | Reached XP level 1. HP: 16/16 MP: 3/3
   262 | D:1      | Reached XP level 2. HP: 12/23 MP: 5/5
   866 | D:1      | Reached skill level 4 in Unarmed Combat
  1155 | D:1      | Reached XP level 3. HP: 21/28 MP: 6/6
  1697 | D:2      | Reached XP level 4. HP: 25/35 MP: 7/7
  1775 | D:2      | Reached skill level 5 in Unarmed Combat
  2029 | D:2      | Found a stormy altar of Qazlal.
  2030 | D:2      | Noticed a fire elemental
  2086 | D:2      | Noticed an earth elemental
  2089 | D:2      | Noticed a water elemental
  2089 | D:2      | Noticed an air elemental
  2394 | D:3      | Noticed Terence
  2429 | D:3      | Slain by Terence

Vault maps used:
D:1:      dpeg_arrival_connections, hex_medium
D:2:      nicolae_qazlal_style_of_elements, first_bread
D:3:      uniq_terence

Skill      XL: |  1  2  3  4 |
---------------+-------------+-----
Unarmed Combat | 4 5 |  5.3
Fighting       | |  1.1
Dodging        | |  1.7
Spellcasting   | |  2.0
Transmutations | |  2.0

Action                   |  1- 3 |  4- 6 || total
-------------------------+-------+-------++-------
Melee: Unarmed           |   139 |    39 ||   178
Evoke: Wand              |       |     1 ||     1
 Stab: Sleeping          |     2 |     1 ||     3
  Eat: Chunk             |     3 |     2 ||     5
